 Dungeon Crawl Stone Soup version 0.19-a0-1626-g5215c36 (webtiles) character file.

161 sveltemanboy the Ducker (level 5, -6/41 HPs)
             Began as a Demonspawn Monk on Sept 18, 2016.
             Mangled by an orc priest
             ... wielding a +0 hand axe of electrocution
              (11 damage)
             ... on level 4 of the Dungeon.
             The game lasted 00:06:25 (2637 turns).

sveltemanboy the Ducker (Demonspawn Monk)           Turns: 2637, Time: 00:06:26

Health: -6/41      AC:  8    Str: 10 (12) XL:     5   Next: 19%
Magic:  5/5        EV: 12    Int: 10 (11) God:
Gold:   185        SH:  0    Dex: 15 (16) Spells: 0 memorised, 4 levels left

rFire  + . .     SeeInvis .     m - +4 whip (freeze)
rCold  + . .     Gourm    .     f - +0 ring mail
rNeg   . . .     Faith    .     (no shield)
rPois  .         Spirit   .     (no helmet)
rElec  .         Dismiss  .     (no cloak)
rCorr  .         Reflect  .     (no gloves)
MR     .....     Harm     .     (no boots)
Stlth  +.........               (no amulet)
                                (no ring)
                                a - ring of protection from fire

@: lethally poisoned (-6 -> -13)
A: claws 1, molten scales 2, cold resistance 1
a: no special abilities


You were on level 4 of the Dungeon.
You were hungry.

You visited 1 branch of the dungeon, and saw 4 of its levels.

You collected 185 gold pieces.

Inventory:

Hand Weapons
 m - a +4 whip of freezing (weapon)
Missiles
 l - 70 stones
 n - 5 javelins (quivered)
 A - a throwing net
Armour
 f - a +0 ring mail (worn)
 s - a +0 scale mail
Jewellery
 a - a ring of protection from fire (left claw)
Wands
 y - a wand of flame (11/48)
Scrolls
 c - 3 scrolls of enchant weapon {unknown}
 e - a scroll of magic mapping {unknown}
 g - 2 scrolls of remove curse {unknown}
 i - 2 scrolls of recharging {unknown}
 p - a scroll of identify {unknown}
 q - 3 scrolls of amnesia {unknown}
 u - a scroll of random uselessness {unknown}
 v - a scroll of enchant armour {unknown}
Potions
 d - a potion of degeneration
 k - a potion of might {unknown}
 o - 2 potions of brilliance {unknown}
 t - a potion of invisibility {unknown}
 w - a potion of heal wounds {unknown}
 z - a potion of agility {unknown}
Comestibles
 b - 3 bread rations
 h - 2 fruits
 j - a royal jelly
 r - a beef jerky


   Skills:
 - Level 3.0 Fighting
 + Level 2.2 Armour
 + Level 3.9 Dodging
 - Level 1.7 Stealth
 * Level 3.7 Unarmed Combat


You had 4 spell levels left.
You didn't know any spells.

Dungeon Overview and Level Annotations

Branches:
Dungeon (4/15)
 Temple: D:4-7

Altars:
Cheibriados
Elyvilon
Yredelemnul


Innate Abilities, Weirdness & Mutations

You have sharp fingernails.
You are mostly covered in molten scales. (AC +3)
Your flesh is cold resistant. (rC+)


Message History

The orc priest barely misses you.
You hit the orc priest. You freeze the orc priest.
The orc priest is moderately wounded.
You feel sick. The orc priest closely misses you.
You hit the orc priest. You freeze the orc priest.
The orc priest is severely wounded.
You feel sick.
The orc priest hits you but does no damage.
You hit the orc priest. You freeze the orc priest.
The orc priest is almost dead.
You feel sick.
The orc priest hits you but does no damage.
You are electrocuted!
* * * LOW HITPOINT WARNING * * *
It was a potion of degeneration.
There was something very wrong with that liquid.
You feel weakened.
You feel dopey.
You feel clumsy.
The orc priest hits you but does no damage.
You are electrocuted!
You die...

### ###
#########.#
#.#####
..o.o.....#
#.....#
#########.#
#.##.## #.#
#.##.# #.#
#.##.#
#.###)##.#
##
#....@...#
.#
#####o#.)#
.### #.#..#
... #.#..#
.#######
#######.#..#
.......#
#.......####
.#####.#
#.####### .#
#.# #.# .#
#.# #.#


You could see an orc priest.

Vanquished Creatures
  A worker ant (D:4)
  Ijyb (D:2)
  5 adders
  4 dart slugs (D:2)
  A leopard gecko (D:4)
  10 orcs
  2 hobgoblins
  2 jackals (D:2)
  2 quokkas
  6 bats
  5 frilled lizards
  6 goblins
  2 kobolds (D:3)
  A leopard gecko skeleton (D:4)
  10 rats
58 creatures vanquished.

Notes
Turn   | Place    | Note
-------+----------+-------------------------------------------
     0 | D:1      | sveltemanboy the Demonspawn Monk began the quest for the Orb.
     0 | D:1      | Reached XP level 1. HP: 18/18 MP: 1/1
   681 | D:1      | Gained mutation: You are partially covered in molten scales. (AC +2) [demonic ancestry]
   681 | D:1      | Reached XP level 2. HP: 24/24 MP: 2/2
  1066 | D:2      | Reached skill level 1 in Armour
  1099 | D:2      | Found a snail-covered altar of Cheibriados.
  1149 | D:2      | Gained mutation: You have sharp fingernails. [demonic ancestry]
  1149 | D:2      | Reached XP level 3. HP: 29/29 MP: 3/3
  1272 | D:2      | Found a basalt altar of Yredelemnul.
  1361 | D:2      | Noticed Ijyb
  1373 | D:2      | Killed Ijyb
  1718 | D:3      | Gained mutation: Your flesh is cold resistant. (rC+) [demonic ancestry]
  1718 | D:3      | Reached XP level 4. HP: 35/35 MP: 4/4
  1868 | D:3      | Found a white marble altar of Elyvilon.
  2377 | D:4      | Gained mutation: You are mostly covered in molten scales. (AC +3) [demonic ancestry]
  2377 | D:4      | Reached XP level 5. HP: 38/41 MP: 5/5
  2637 | D:4      | Mangled by an orc priest

Vault maps used:
D:1:      mrwooster_arrival_statue_2
D:2:      overflow_temple_1_default, yredelemnul_altar_generic, uniq_iyjb
D:3:      nicolae_overflow_hidden_temple, first_bread
D:4:      uniq_robin

Skill      XL: |  1  2  3  4 |
---------------+-------------+-----
Unarmed Combat | 3 |  3.7
Armour         | 1 2 |  2.2
Dodging        | 3 |  3.9
Fighting       | |  3.0
Stealth        | |  1.7

Action                   |  1- 3 |  4- 6 || total
-------------------------+-------+-------++-------
Melee: Unarmed           |    32 |       ||    32
       Punch             |     1 |     3 ||     4
       Whip              |    53 |   103 ||   156
Throw: Javelin           |       |     3 ||     3
  Use: Potion            |       |     1 ||     1
 Stab: Sleeping          |     1 |     1 ||     2
  Eat: Chunk             |     2 |     3 ||     5
Armor: Ring mail         |    14 |    34 ||    48
       Robe              |     1 |       ||     1
Dodge: Dodged            |    42 |    65 ||   107
